 Dungeon Crawl Stone Soup version 0.27.0-1-g7a089689b8 (webtiles) character file.

Game seed: 6764560355406439583

1172 shadowrider38 the Cleaver (level 8, -4/64 HPs)
             Began as a Minotaur Berserker on Aug 1, 2021.
             Was a Priest of Trog.
             Slain by a wolf (8 damage)
             ... led by Grum
             ... on level 8 of the Dungeon.
             The game lasted 00:06:28 (3807 turns).

shadowrider38 the Cleaver (Minotaur Berserker)      Turns: 3807, Time: 00:06:28

Health: -4/64      AC: 11    Str: 24    XL:     8   Next: 18%
Magic:  7/7        EV:  7    Int:  4    God:    Trog [***...]
Gold:   154        SH:  0    Dex: 10    Spells: 7/7 levels left

rFire    x . .     SeeInvis .   a - +0 hand axe
rCold    + . .     Faith    .   (no shield)
rNeg     . . .     Spirit   .   p - +0 plate armour
rPois    .         Reflect  .   (helmet restricted)
rElec    .         Harm     .   (no cloak)
rCorr    .         Rampage  .   (no gloves)
Will     .....                  (no boots)
Stlth    ..........             (no amulet)
HPRegen  0.20/turn              i - ring of ice
MPRegen  0.10/turn              (no ring)

@: on berserk cooldown, slowed, very slow
A: horns 2, retaliatory headbutt
a: Renounce Religion, Berserk, Trog's Hand


You were on level 8 of the Dungeon.
You worshipped Trog.
Trog was most pleased with you.
You visited 1 branch of the dungeon, and saw 7 of its levels.

You collected 154 gold pieces.

Inventory:

Hand Weapons
 a - a +0 hand axe (weapon)
Armour
 p - a +0 plate armour (worn)
Jewellery
 i - a ring of ice (left hand)
Scrolls
 b - 2 scrolls of summoning {unknown}
 c - a scroll of teleportation {unknown}
 f - a scroll of immolation
 g - a scroll of enchant weapon {unknown}
 h - a scroll of fear {unknown}
 j - a scroll of magic mapping {unknown}
 l - a scroll of amnesia {unknown}
 o - 2 scrolls of enchant armour
Potions
 d - a potion of berserk rage
 e - a potion of curing
 k - a potion of mutation
 n - a potion of attraction


   Skills:
 - Level 3.6 Fighting
 + Level 11.9 Axes
 - Level 2.4 Armour
 - Level 2.1 Dodging


You had 7 spell levels left.
You didn't know any spells.
Your spell library was empty.

Dungeon Overview and Level Annotations

Branches:
Dungeon (7/15)             Temple (0/1) D:6

Altars:
Ashenzari

Shops:
D:3 [


Innate Abilities, Weirdness & Mutations

You have a pair of horns on your head.
You reflexively headbutt those who attack you in melee.


Message History

You slash the howler monkey! Your headbutt misses the howler monkey.
The howler monkey is heavily wounded.
You barely miss the howler monkey.
The howler monkey is heavily wounded.
The howler monkey hits you but does no damage.
You barely miss the howler monkey.
The howler monkey is heavily wounded.
The howler monkey hits you.
* * * LOW HITPOINT WARNING * * *
You slash the howler monkey! Your headbutt misses the howler monkey.
The howler monkey is almost dead.
You closely miss the howler monkey.
The howler monkey is almost dead.
The howler monkey hoots and howls with incredible vigour!
You hear a howl! x3; You hear a loud, deep croak!
You hear a shout! x3
You slash the howler monkey!
You kill the howler monkey!
Trog accepts your kill.
You start resting.
You feel a strong urge to attack something.
A wolf comes into view.
A wolf comes into view.
You feel your anger nearly subside.
Calm down first, please.
You are no longer berserk.
You are exhausted.
You feel yourself slow down. The wolf bites you but does no damage.
Things that are here:
a +0 giant spiked club; a +0 giant club You closely miss the wolf.
Your headbutt misses the wolf. The wolf bites you.
* * * LOW HITPOINT WARNING * * *
The wolf bites you.
* * * LOW HITPOINT WARNING * * *
The wolf bites you but does no damage.
You barely miss the wolf. You headbutt the wolf.
The wolf is lightly wounded.
You barely miss the wolf.
The wolf bites you but does no damage. x2
The wolf barely misses you. You furiously retaliate!
You headbutt the wolf! The wolf bites you!
You die...

.. .#
..######.
.........
.........
........#
........#
......hh#
.......@#
........#
........#
........#
........#
........#
#########


You could see 2 wolves.

Vanquished Creatures
  A two-headed ogre (D:8)
  An orc warrior (D:6)
  A black bear (D:6)
  A bullfrog (D:8)
  A howler monkey (D:8)
  An orc priest (D:6)
  Terence (D:3)
  An iguana (D:3)
  8 adders
  3 worms
  2 dart slugs (D:2)
  5 orcs
  5 bats
  6 endoplasms
  3 giant cockroaches
  6 goblins
  5 hobgoblins
  8 jackals (D:1)
  4 kobolds
  6 quokkas
  11 ball pythons
  A frilled lizard (D:2)
  6 rats
87 creatures vanquished.

Notes
Turn   | Place    | Note
-------+----------+-------------------------------------------
     0 | D:1      | shadowrider38 the Minotaur Berserker began the quest for
                  | the Orb.
     0 | D:1      | Reached XP level 1. HP: 19/19 MP: 0/0
   114 | D:1      | Reached skill level 4 in Axes
   166 | D:1      | Found a faded altar of an unknown god.
   178 | D:1      | Reached XP level 2. HP: 26/26 MP: 1/1
   520 | D:1      | Reached skill level 5 in Axes
   725 | D:1      | Reached XP level 3. HP: 31/31 MP: 2/2
   902 | D:1      | Reached ** piety under Trog
  1641 | D:2      | Reached skill level 6 in Axes
  1641 | D:2      | Reached XP level 4. HP: 19/39 MP: 3/3
  2617 | D:3      | Found Ixzunic's Armour Boutique.
  2704 | D:3      | Found a broken altar of Ashenzari.
  2767 | D:3      | Reached skill level 7 in Axes
  2767 | D:3      | Reached XP level 5. HP: 34/45 MP: 4/4
  2961 | D:3      | Noticed Terence
  2976 | D:3      | Killed Terence
  3306 | D:4      | You fall into a shaft and drop 2 floors!
  3306 | D:6      | Found a staircase to the Ecumenical Temple.
  3308 | D:6      | Noticed an orc warrior
  3325 | D:6      | Reached *** piety under Trog
  3330 | D:6      | Killed an orc warrior
  3331 | D:6      | Reached skill level 8 in Axes
  3331 | D:6      | Reached XP level 6. HP: 49/51 MP: 5/5
  3468 | D:6      | Reached skill level 9 in Axes
  3786 | D:6      | You fall into a shaft and drop 2 floors!
  3786 | D:8      | Noticed a two-headed ogre
  3794 | D:8      | Killed a two-headed ogre
  3795 | D:8      | Reached skill level 11 in Axes
  3795 | D:8      | Reached XP level 7. HP: 13/57 MP: 6/6
  3795 | D:8      | Reached XP level 8. HP: 15/64 MP: 7/7
  3806 | D:8      | HP: 3/64 [wolf[Grum] (3)]
  3807 | D:8      | Slain by a wolf

Illustrated notes

Levels and vault maps discovered:
D:1:      wander_arrival_peaceful_grave, layout_basic,
          hellmonk_ecumenical_altar_blasted
D:2:      layout_basic
D:3:      layout_basic, overflow_temple_1_default, serial_shops,
          nicolae_shop_competitors_out_of_business, uniq_terence
D:4:      layout_loops_ring, mainiacjoe_overflow_surrounded_room, minivault_23,
          minmay_misc_feat_tower
D:6:      layout_basic, minmay_temple_entry_proselytizer, ebering_ghost_gozag,
          water_boxes_lemuel
D:7:      layout_basic, kennysheep_mini_moat, mainiacjoe_overflow_divided_tiny,
          hangedman_abyss_or_decor_stagger, uniq_maggie
D:8:      layout_basic, serial_corexii_hall, corexii_hall_statues_x,
          corexii_hall_statues_x, uniq_grum

Skill      XL: |  1  2  3  4  5  6 |
---------------+-------------------+-----
Axes           | 4 5 6 7 8 11 | 11.9
Fighting       | |  3.6
Armour         | |  2.4
Dodging        | |  2.1

Action                   |  1- 3 |  4- 6 |  7- 9 || total
-------------------------+-------+-------+-------++-------
Melee: Hand axe          |    87 |   112 |     8 ||   207
       Headbutt          |     9 |    19 |     1 ||    29
Invok: Berserk           |     2 |     5 |       ||     7
  Use: Scroll            |       |     5 |       ||     5
 Stab: Sleeping          |     1 |       |       ||     1
Armor: Animal skin       |     8 |       |       ||     8
       Leather armour    |     7 |     2 |       ||     9
       Ring mail         |       |    14 |       ||    14
       Chain mail        |       |    26 |       ||    26
       Plate armour      |       |     3 |     5 ||     8
Dodge: Dodged            |    65 |    50 |     1 ||   116
